 Dungeon Crawl Stone Soup version 0.28.0-45-g0d030f2227 (webtiles) character file.

Game seed: 14543952798135959724

235 seaoflcl the Covered (level 6, -39/47 HPs)
             Began as a Human Fighter on Apr 12, 2022.
             Was a Follower of Trog.
             Killed from afar by Ijyb (41 damage)
             ... with a bolt of acid
             ... on level 4 of the Dungeon.
             The game lasted 00:04:07 (2923 turns).

seaoflcl the Covered (Human Fighter)                Turns: 2923, Time: 00:04:09

Health: -39/47     AC:  8    Str: 25    XL:     6   Next: 26%
Magic:  6/6        EV: 10    Int:  8    God:    Trog [*.....]
Gold:   83         SH:  4    Dex: 12    Spells: 5/5 levels left

rFire   . . .      SeeInvis .   a - +0 long sword (freeze)
rCold   + . .      Faith    .   c - +0 buckler
rNeg    . . .      Spirit   .   q - +1 ring mail {rC+}
rPois   .          Reflect  .   m - +0 helmet
rElec   .          Harm     .   (no cloak)
rCorr   .          Rampage  .   (no gloves)
Will    .....                   (no boots)
Stlth   +.........              g - amulet of magic regeneration
HPRegen 0.15/turn               f - +6 ring of strength
MPRegen 0.50/turn               t - +4 ring of slaying

@: mighty
A: no striking features
a: Renounce Religion, Berserk


You were on level 4 of the Dungeon.
You worshipped Trog.
Trog was aware of your devotion.
You visited 1 branch of the dungeon, and saw 4 of its levels.

You collected 83 gold pieces.

Inventory:

Hand Weapons
 a - a +0 long sword of freezing (weapon)
 b - a +0 hunting sling
Missiles
 s - 28 sling bullets
Armour
 c - a +0 buckler (worn)
 m - a +0 helmet (worn)
 q - a +1 ring mail of cold resistance (worn)
Jewellery
 f - a +6 ring of strength (left hand)
 g - an amulet of magic regeneration (around neck)
 t - a +4 ring of slaying (right hand)
Scrolls
 h - 2 scrolls of brand weapon
 i - a scroll of vulnerability
 l - a scroll of teleportation
 n - 3 scrolls of amnesia {unknown}
Potions
 e - 3 potions of invisibility
 j - a potion of curing
 k - a potion of resistance {unknown}
 o - a potion of degeneration {unknown}
 p - 2 potions of mutation {unknown}
 r - a potion of brilliance {unknown}


   Skills:
 + Level 3.5 Fighting
 + Level 4.0 Long Blades
 + Level 4.1 Armour
 + Level 1.0 Dodging
 + Level 0.5 Stealth
 + Level 3.7 Shields


You had 5 spell levels left.
You didn't know any spells.
Your spell library contained the following spells:

 Spells                   Type           Power      Damage    Failure   Level
 Ensorcelled Hibernation  Hex/Ice        0%         N/A       78%         2
 Passwall                 Tmut/Erth      0%         N/A       78%         2
 Swiftness                Air            0%         N/A       95%         3


Dungeon Overview and Level Annotations

Branches:
Dungeon (4/15)
 Temple: D:4-7

Altars:
Fedhas
Trog
Vehumet

Shops:
D:1 [

Annotations:
D:3 1 runed translucent door, Antichthon's ghost, amateur NaFi
D:4 Grinder; Ijyb


Message History

You are frozen.
You resist. Ijyb misses you. The endoplasm freezes you.
You are frozen.
You resist.
You are too injured to fight recklessly!
You are too injured to fight recklessly!
You are too injured to fight recklessly!
You are too injured to fight recklessly!
You are too injured to fight recklessly!
You are too injured to fight recklessly!
You are too injured to fight recklessly!
You are too injured to fight recklessly!
You are too injured to fight recklessly!
You are too injured to fight recklessly!
You are too injured to fight recklessly!
You are too injured to fight recklessly!
You are too injured to fight recklessly!
You are too injured to fight recklessly!
You are too injured to fight recklessly!
You closely miss Ijyb.
Ijyb is lightly wounded.
Ijyb barely misses you. You block the endoplasm's attack.
You closely miss Grinder. You block Ijyb's attack. Grinder hits you!
The endoplasm closely misses you. Ijyb hits you with a +0 club.
* * * LOW HITPOINT WARNING * * *
You feel very mighty all of a sudden. You block Grinder's attack.
The endoplasm hits you but does no damage.
You slash Grinder!
Grinder is moderately wounded.
Ijyb screams, "No!
No, no, no, no!"
You block Ijyb's attack. Grinder hits you.
* * * LOW HITPOINT WARNING * * *
You writhe in agony.
* * * LOW HITPOINT WARNING * * *
The endoplasm freezes you.
You are frozen.
You resist.
* * * LOW HITPOINT WARNING * * *
Ijyb zaps a wand.
The bolt of acid hits you!!!
Ouch! That really hurt!
You die...

.. #.#### #.. #....
######....####..
###....##....#..........
...................###..
...#.#.............# #..
.._..............# ##. #
#.#.#####.##.#######.
.##.#...##.##.#######.#..
.......J@........#.......
.......g5........#.......
.................#.......
.[...............#.......
#+####..##.##....##...##.
#..##.##....##...#..
#............#.......
#...(........#.......
#............#.......


You could see Grinder, Ijyb and an endoplasm.

Vanquished Creatures
  A scorpion (D:3)
  Natasha (D:3)
  2 orc wizards (D:3)
  A gnoll (D:1)
  2 dart slugs
  7 orcs (D:3)
  5 ball pythons
  9 endoplasms
  2 giant cockroaches (D:2)
  2 goblins
  8 hobgoblins
  18 jackals
  2 quokkas (D:1)
  4 bats
  6 kobolds
  3 rats
73 creatures vanquished.

Notes
Turn   | Place    | Note
-------+----------+-------------------------------------------
     0 | D:1      | seaoflcl the Human Fighter began the quest for the Orb.
     0 | D:1      | Reached XP level 1. HP: 18/18 MP: 1/1
    10 | D:1      | Found Teggoc's Armour Emporium.
    39 | D:1      | Reached XP level 2. HP: 12/24 MP: 2/2
   412 | D:1      | Reached XP level 3. HP: 17/29 MP: 3/3
  1016 | D:2      | Reached XP level 4. HP: 35/35 MP: 4/4
  1094 | D:2      | Found a bloodstained altar of Trog.
  1345 | D:2      | Became a worshipper of Trog the Wrathful
  1741 | D:3      | Noticed a scorpion
  1748 | D:3      | Killed a scorpion
  1749 | D:3      | Reached XP level 5. HP: 32/41 MP: 5/5
  1833 | D:3      | Identified the +0 robe "Boogol" {Harm rElec Dex-4 Stlth+}
  1869 | D:3      | Found a faded altar of an unknown god.
  1918 | D:3      | Found a radiant altar of Vehumet.
  1970 | D:3      | Noticed Natasha
  1977 | D:3      | Killed Natasha
  2097 | D:3      | Reached skill level 1 in Dodging
  2097 | D:3      | Reached XP level 6. HP: 39/47 MP: 6/6
  2329 | D:3      | Found a runed translucent door.
  2353 | D:3      | Reached * piety under Trog
  2387 | D:3      | Noticed Antichthon's ghost (amateur NaFi)
  2896 | D:4      | Found a blossoming altar of Fedhas.
  2909 | D:4      | Noticed Ijyb
  2913 | D:4      | Noticed Grinder
  2923 | D:4      | HP: 2/47 [frozen (2)]
  2923 | D:4      | Killed from afar by Ijyb

Illustrated notes

Levels and vault maps discovered:
D:1:      wander_arrival_peaceful_grave, layout_rooms, serial_shops,
          nicolae_shop_trees
D:2:      layout_basic, basic_altar
D:3:      layout_loops_ring, amcnicky_altar_gilded, ebering_ghost_inner_flame,
          ebering_ecumenical_altar_abandoned, uniq_natasha
D:4:      layout_gridville, lemuel_crystal_altar, gammafunk_ghost_gnarly_gnolls,
          minmay_misc_feat_diagonals, nicolae_concentric_dashed_squares_mild,
          uniq_blork_the_orc, uniq_ijyb, uniq_robin, uniq_grinder

Skill      XL: |  1  2  3  4  5  6 |
---------------+-------------------+-----
Long Blades    | 3 4 |  4.0
Armour         | 4 |  4.1
Dodging        | 1 |  1.0
Fighting       | |  3.5
Stealth        | |  0.5
Shields        | |  3.7

Action                   |  1- 3 |  4- 6 || total
-------------------------+-------+-------++-------
Melee: Long sword        |    75 |   115 ||   190
  Use: Scroll            |       |     4 ||     4
       Potion            |       |     1 ||     1
Armor: Scale mail        |    54 |    10 ||    64
       Ring mail         |       |    34 ||    34
Dodge: Dodged            |    51 |    62 ||   113
Block: Buckler           |    23 |    33 ||    56
